 Dungeon Crawl Stone Soup version 0.31-a0-705-ga145531891 (webtiles) character file.

Game seed: 14111913631897632130

97 zazu2006 the Covered (level 4, -4/34 HPs)
             Began as a Gnoll Wanderer on Sept 10, 2023.
             Slain by an orc
             ... wielding a +1 war axe of electrocution
              (8 damage)
             ... on level 3 of the Dungeon.
             The game lasted 00:03:10 (1921 turns).

zazu2006 the Covered (Gnoll Wanderer)               Turns: 1921, Time: 00:03:11

Health: -4/34      AC:  7    Str: 10    XL:     4   Next: 68%
Magic:  5/5        EV: 10    Int: 13    God:
Gold:   179        SH:  0    Dex: 13    Spells: 5/5 levels left

rFire   . . .        l - +0 dagger (venom)
rCold   . . .        (no shield)
rNeg    . . .        c - +0 ring mail
rPois   .            (no helmet)
rElec   .            (no cloak)
rCorr   .            (no gloves)
SInv    .            e - +0 pair of boots
Will    .....        (no amulet)
Stlth   +            (no ring)
HPRegen 0.25/turn    (no ring)
MPRegen 0.09/turn

%: no passive effects
@: no status effects
A: fangs 1, strong nose, distributed training
a: no special abilities


You were on level 3 of the Dungeon.
You visited 1 branch of the dungeon, and saw 3 of its levels.

You collected 179 gold pieces.

Inventory:

Hand Weapons
 a - a +2 short sword
 b - a +0 spear
 l - a +0 dagger of venom (weapon)
 n - a +2 dagger of pain
Armour
 c - a +0 ring mail (worn)
 e - a +0 pair of boots (worn)
Magical Staves
 r - the staff "Keceupp" {rF+ rC+ Int+4 Ice}
   (You found it on level 3 of the Dungeon)

   [staff of cold]

   Base accuracy: +5 Base damage: 5 Base attack delay: 1.2 This weapon's minimum
   attack delay (0.6) is reached at skill level 12.
   Int+4:     It affects your intelligence (+4).
   rF+:       It protects you from fire.
   rC+:       It protects you from cold.
   Ice:       It increases the power of your Ice spells.
   It falls into the 'Staves' category.
   It is a one-handed weapon.
Scrolls
 g - 2 scrolls of enchant armour {unknown}
 m - a scroll of immolation {unknown}
 o - a scroll of teleportation {unknown}
 p - a scroll of enchant weapon {unknown}
 q - a scroll of torment {unknown}
 s - a scroll of amnesia {unknown}
Potions
 d - 2 potions of berserk rage
 f - 4 potions of curing {unknown}
 h - a potion of attraction {unknown}
 i - 2 potions of ambrosia {unknown}
 j - a potion of haste {unknown}
 k - a potion of mutation {unknown}


   Skills:
 + Level 2.8 Fighting
 + Level 6.6 Short Blades
 + Level 1.2 Long Blades
 + Level 1.2 Axes
 + Level 1.2 Maces & Flails
 + Level 2.8 Polearms
 + Level 1.2 Staves
 + Level 1.2 Ranged Weapons
 + Level 1.2 Throwing
 + Level 6.6 Armour
 + Level 1.2 Dodging
 + Level 2.6 Stealth
 + Level 1.2 Shields
 + Level 1.2 Unarmed Combat
 + Level 1.2 Spellcasting
 + Level 1.0 Conjurations
 + Level 1.0 Hexes
 + Level 1.0 Summonings
 + Level 1.0 Necromancy
 + Level 1.0 Translocations
 + Level 1.0 Transmutations
 + Level 1.0 Fire Magic
 + Level 1.0 Ice Magic
 + Level 1.0 Air Magic
 + Level 1.0 Earth Magic
 + Level 1.0 Poison Magic
 + Level 1.3 Invocations
 + Level 2.8 Evocations
 + Level 1.1 Shapeshifting


You had 5 spell levels left.
You didn't know any spells.
Your spell library contained the following spells:

 Spells                   Type           Power      Damage    Failure   Level
 Cause Fear               Hex            1%         N/A       99%         4
 Fireball                 Conj/Fire      1%         3d3       100%        5
 Dragon's Call            Summ           1%         N/A       100%        9


Dungeon Overview and Level Annotations

Branches:
Dungeon (3/15)

Altars:
Fedhas
Kikubaaqudgha
Uskayaw


Innate Abilities, Weirdness & Mutations

You have very sharp teeth.
Your uncanny sense of smell can sniff out nearby items.
Your experience applies equally to all skills.


Message History

Found 14 gold pieces.
You now have 165 gold pieces (gained 5).
Things that are here:
a +0 hand axe; an orc corpse You see here the staff "Keceupp" {rF+ rC+ Int+4 Ice}.
r - the staff "Keceupp" {rF+ rC+ Int+4 Ice} A frilled lizard comes into view.
A frilled lizard is nearby!
A rat comes into view.
Found a hide-covered altar of Uskayaw.
The frilled lizard hisses angrily.
Found a scroll labelled CAEVUU DUSIY.
You hit the frilled lizard but do no damage.
The frilled lizard barely misses you.
You barely miss the frilled lizard. You hit the frilled lizard.
You kill the frilled lizard!
You hit the rat.
The rat is poisoned.
The rat is severely wounded.
You kill the rat!
You now have 179 gold pieces (gained 14).
An orc comes into view.
It is wielding a +1 war axe of electrocution.
You see here a scroll labelled CAEVUU DUSIY.
An orc is nearby!
An orc is nearby!
s - a scroll labelled CAEVUU DUSIY An orc comes into view.
It is wielding a +0 dagger.
The orc hits you with a +1 war axe of electrocution.
The orc attacks as it pursues you! The orc hits you but does no damage.
You are electrocuted!
The orc hits you with a +1 war axe of electrocution.
You are electrocuted!
* * * LOW HITPOINT WARNING * * *
The orc hits you with a +1 war axe of electrocution.
* * * LOW HITPOINT WARNING * * *
You hit the orc but do no damage. You hit the orc.
The orc is poisoned.
The orc is lightly wounded.
The orc hits you with a +1 war axe of electrocution!
You die...

..............####
.###.
.....#.............
...
.....##............
..#.
.......#.##........
###..
.o##...##........
#..###........
#..###........
##.o##........ #
#.@......... #
#..###.##### ##
....## # ###. #...#
#... #... ##.##
#... #..# ###
######.###
#.........
#.........


You could see an orc (very poisoned).

Vanquished Creatures
  An orc priest (D:3)
  An adder (D:2)
  3 dart slugs
  3 orcs (D:3)
  2 ball pythons (D:1)
  6 endoplasms
  2 giant cockroaches
  5 hobgoblins
  2 jackals (D:1)
  2 quokkas
  3 bats
  3 frilled lizards
  4 goblins
  2 kobolds (D:2)
  8 rats
47 creatures vanquished.

Notes
Turn   | Place    | Note
-------+----------+-------------------------------------------
     0 | D:1      | zazu2006 the Gnoll Wanderer began the quest for the Orb.
     0 | D:1      | zazu2006 set off with the following items: a +2 short
                  | sword, a +0 spear, a +0 ring mail, a potion of berserk
                  | rage.
     0 | D:1      | Reached XP level 1. HP: 17/17 MP: 1/1
   132 | D:1      | Reached XP level 2. HP: 23/23 MP: 2/2
   477 | D:1      | Reached XP level 3. HP: 28/28 MP: 3/3
   911 | D:2      | Reached skill level 1 in Invocations
  1255 | D:2      | Reached skill level 1 in Long Blades
  1255 | D:2      | Reached skill level 1 in Axes
  1255 | D:2      | Reached skill level 1 in Maces & Flails
  1255 | D:2      | Reached skill level 1 in Staves
  1255 | D:2      | Reached skill level 1 in Ranged Weapons
  1255 | D:2      | Reached skill level 1 in Throwing
  1255 | D:2      | Reached skill level 1 in Dodging
  1255 | D:2      | Reached skill level 1 in Shields
  1255 | D:2      | Reached skill level 1 in Unarmed Combat
  1255 | D:2      | Reached skill level 1 in Spellcasting
  1584 | D:3      | Reached XP level 4. HP: 34/34 MP: 5/5
  1693 | D:3      | Reached skill level 1 in Shapeshifting
  1721 | D:3      | Reached skill level 1 in Conjurations
  1721 | D:3      | Reached skill level 1 in Hexes
  1721 | D:3      | Reached skill level 1 in Summonings
  1721 | D:3      | Reached skill level 1 in Necromancy
  1721 | D:3      | Reached skill level 1 in Translocations
  1721 | D:3      | Reached skill level 1 in Transmutations
  1721 | D:3      | Reached skill level 1 in Fire Magic
  1721 | D:3      | Reached skill level 1 in Ice Magic
  1721 | D:3      | Reached skill level 1 in Air Magic
  1721 | D:3      | Reached skill level 1 in Earth Magic
  1721 | D:3      | Reached skill level 1 in Poison Magic
  1792 | D:3      | Identified the staff "Keceupp" {rF+ rC+ Int+4 Ice}
  1809 | D:3      | Found an ancient bone altar of Kikubaaqudgha.
  1809 | D:3      | Found a blossoming altar of Fedhas.
  1888 | D:3      | Found a hide-covered altar of Uskayaw.
  1921 | D:3      | Slain by an orc

Illustrated notes

Levels and vault maps discovered:
D:1:      dpeg_arrival_tiny_a, layout_loops_ring, minmay_pentomino_q4
D:2:      layout_loops_cross, amcnicky_mini_rare_corridor_liquid,
          minmay_fountain_box, minmay_misc_feat_square, minivault_19,
          hangedman_decor_clover_reticule
D:3:      layout_rooms, grunt_temple_overflow_growth_and_decay,
          grunt_dithmenos_smoke_and_mirrors,
          mainiacjoe_overflow_small_starburst, uniq_ijyb

Skill      XL: |  1  2  3  4 |
---------------+-------------+-----
Invocations    | 1 |  1.3
Long Blades    | 1 |  1.2
Axes           | 1 |  1.2
Maces & Flails | 1 |  1.2
Staves         | 1 |  1.2
Ranged Weapons | 1 |  1.2
Throwing       | 1 |  1.2
Dodging        | 1 |  1.2
Shields        | 1 |  1.2
Unarmed Combat | 1 |  1.2
Spellcasting   | 1 |  1.2
Shapeshifting  | 1 |  1.1
Conjurations   | 1 |  1.0
Hexes          | 1 |  1.0
Summonings     | 1 |  1.0
Necromancy     | 1 |  1.0
Translocations | 1 |  1.0
Transmutations | 1 |  1.0
Fire Magic     | 1 |  1.0
Ice Magic      | 1 |  1.0
Air Magic      | 1 |  1.0
Earth Magic    | 1 |  1.0
Poison Magic   | 1 |  1.0
Fighting       | |  2.8
Short Blades   | |  6.6
Polearms       | |  2.8
Armour         | |  6.6
Stealth        | |  2.6
Evocations     | |  2.8

Action                     |  1- 3 |  4- 6 || total
---------------------------+-------+-------++-------
  Melee: Short sword       |    74 |       ||    74
         Bite              |     9 |     3 ||    12
         Dagger            |    33 |    36 ||    69
         Punch             |     1 |       ||     1
   Stab: Sleeping          |     2 |       ||     2
 Armour: Ring mail         |    42 |    21 ||    63
  Dodge: Dodged            |    41 |     9 ||    50

Table legend: (Time is in decaauts)
 A = Elapsed time spent in this place.
 B = Non-inter-level travel time spent in this place.
 C = Inter-level travel time spent in this place.
 D = Time resting spent in this place.
 E = Time spent auto-exploring this place.
 F = Levels seen in this place.
 G = Mean time per level.
                   A        B        C        D        E       F      G
               +--------+--------+--------+--------+--------+-----+--------+
         Total |   1874 |   1833 |     41 |     69 |   1394 |   3 |  624.7 |
       Dungeon |   1874 |   1833 |     41 |     69 |   1394 |   3 |  624.7 |
               +--------+--------+--------+--------+--------+-----+--------+

Top non-repeatable levels by time:
     D:1: 794 daAuts
     D:2: 749 daAuts
     D:3: 330 daAuts
